 Dungeon Crawl Stone Soup version 0.28.0-53-g5a82cb258f (webtiles) character file.

Game seed: 1055768772859870987

4650 DearestLeader the Magician (level 10, -10/76 HPs)
             Began as a Gnoll Wanderer on June 7, 2022.
             Was a Follower of Vehumet.
             Mangled by a two-headed ogre
             ... wielding a +0 giant club
              (26 damage)
             ... while paralysed by an orc wizard
             ... on level 9 of the Dungeon.
             The game lasted 00:23:56 (11385 turns).

DearestLeader the Magician (Gnoll Wanderer)        Turns: 11385, Time: 00:23:57

Health: -10/76     AC:  2    Str: 11    XL:     10   Next: 43%
Magic:  0/21       EV:  5    Int: 16    God:    Vehumet [*.....]
Gold:   492        SH:  0    Dex: 17    Spells: 14/23 levels left

rFire   + . .      SeeInvis +     - Unarmed
rCold   . . .      Faith    .   (shield currently unavailable)
rNeg    . . .      Spirit   +   (armour currently unavailable)
rPois   .          Reflect  .   (helmet currently unavailable)
rElec   .          Harm     .   (cloak currently unavailable)
rCorr   .          Rampage  .   (gloves currently unavailable)
Will    .....      Clarity  +   (boots currently unavailable)
Stlth   ++++......              e - amulet of guardian spirit
HPRegen 0.22/turn               y - ring of protection from fire
MPRegen 0.17/turn               F - ring of poison resistance

@: paralysed, spider-form
A: venomous fangs, tiny, (fangs 1), strong nose, distributed training, see
invisible, clarity
a: End Transformation, Renounce Religion


You were on level 9 of the Dungeon.
You worshipped Vehumet.
Vehumet was aware of your devotion.
You were a venomous arachnid creature.
You visited 2 branches of the dungeon, and saw 10 of its levels.
You also visited: Sewer.

You collected 542 gold pieces.
You spent 50 gold pieces at shops.

Inventory:

Hand Weapons
 a - a +0 dagger
 k - a +2 vorpal war axe
 q - a +2 whip of electrocution (melded)
 H - a +2 war axe of distortion
Missiles
 m - 6 poisoned darts (quivered)
 n - a throwing net
Armour
 b - a +0 robe (melded)
 c - a +0 helmet (melded)
 d - a +0 pair of boots (melded)
Jewellery
 e - an amulet of guardian spirit (around neck)
 y - a ring of protection from fire (left front leg)
 A - an amulet of faith
 F - a ring of poison resistance (right front leg)
 G - a +6 ring of strength
Wands
 i - a wand of flame (43)
 E - a wand of iceblast (10)
Scrolls
 j - 3 scrolls of teleportation
 o - 2 scrolls of enchant armour
 p - 4 scrolls of enchant weapon
 r - 2 scrolls of silence {unknown}
 s - a scroll of brand weapon
 v - 2 scrolls of magic mapping
 w - a scroll of vulnerability {unknown}
 x - a scroll of blinking {unknown}
 C - a scroll of fear {unknown}
 D - 2 scrolls of immolation
 I - a scroll of holy word {unknown}
 J - a scroll of amnesia {unknown}
Potions
 f - 5 potions of heal wounds
 g - 3 potions of haste
 h - 5 potions of curing
 l - a potion of mutation
 t - a potion of resistance
 u - 4 potions of cancellation
 z - a potion of might {unknown}
 B - a potion of berserk rage {unknown}
 K - a potion of lignification {unknown}
 L - a potion of invisibility {unknown}


   Skills:
 + Level 5.9 Fighting
 + Level 5.2 Short Blades
 + Level 5.2 Long Blades
 + Level 5.2 Axes
 + Level 5.2 Maces & Flails
 + Level 5.2 Polearms
 + Level 5.2 Staves
 + Level 5.2 Slings
 + Level 5.2 Bows
 + Level 5.2 Crossbows
 + Level 5.2 Throwing
 + Level 5.2 Armour
 + Level 5.2 Dodging
 + Level 6.8 Stealth
 + Level 5.2 Shields
 + Level 5.2 Unarmed Combat
 + Level 7.3 Spellcasting
 + Level 4.3 Conjurations
 + Level 4.3 Hexes
 + Level 4.3 Summonings
 + Level 4.3 Necromancy
 + Level 5.8 Translocations
 + Level 5.8 Transmutations
 + Level 4.3 Fire Magic
 + Level 4.3 Ice Magic
 + Level 4.3 Air Magic
 + Level 4.3 Earth Magic
 + Level 4.3 Poison Magic
 + Level 5.8 Invocations
 + Level 5.9 Evocations


You had 14 spell levels left.
You knew the following spells:

 Your Spells              Type           Power      Damage    Failure   Level
a - Beastly Appendage     Tmut           48%        N/A       5%          1
b - Foxfire               Conj/Fire      76%        2x1d7     8%          1
c - Spider Form           Tmut/Pois      22%        N/A       13%         3
d - Flame Wave            Conj/Fire      19%        2d6       41%         4

Your spell library contained the following spells:

 Spells                   Type           Power      Damage    Failure   Level
 Magic Dart               Conj           76%        1d6       8%          1
 Apportation              Tloc           48%        N/A       5%          1
 Freeze                   Ice            76%        1d9       8%          1
 Teleport Other           Tloc           24%        N/A       11%         3
 Conjure Flame            Conj/Fire      19%        6-21      17%         3
 Frozen Ramparts          Ice            38%        1d5       17%         3
 Inner Flame              Hex/Fire       19%        N/A       17%         3
 Passage of Golubria      Tloc           24%        N/A       26%         4
 Hailstorm                Conj/Ice       19%        3d6       41%         4


Dungeon Overview and Level Annotations

Branches:
Dungeon (9/15)             Temple (1/1) D:6             Orc (0/2) D:9
  Sewer (visited)
   Lair: D:8-11

Altars:
Ashenzari
Cheibriados
Dithmenos
Elyvilon
Fedhas
Gozag
Kikubaaqudgha
Makhleb
Nemelex Xobeh
Okawaru
Qazlal
Trog
Uskayaw
Vehumet
Wu Jian
Xom
Yredelemnul
Zin

Shops:
D:2 !(*((

Annotations:
D:5 3 runed translucent doors, jaiteiro's ghost, novice GnEE
D:9 1 runed translucent door


Innate Abilities, Weirdness & Mutations

You are a venomous arachnid creature.
You have poisonous fangs.
You are tiny and dextrous.
Your spellcasting is less reliable in this form.
Your armour is entirely melded.
You are incapable of wielding weapons or throwing items.
((You have very sharp teeth.))
Your uncanny sense of smell can sniff out nearby items.
Your experience applies equally to all skills.
You have supernaturally acute eyesight. (SInv)
You possess an exceptional clarity of mind.


Message History

Your +0 robe melds into your body.
Your +2 whip of electrocution stops crackling.
You hit the two-headed ogre but do no damage.
The two-headed ogre looks even sicker.
The two-headed ogre is moderately wounded.
The two-headed ogre barely misses you. x2
You hit the two-headed ogre.
The two-headed ogre is moderately wounded.
You hit the two-headed ogre.
The two-headed ogre is moderately wounded.
The two-headed ogre barely misses you. The two-headed ogre misses you.
You hit the two-headed ogre.
The two-headed ogre is moderately wounded.
The two-headed ogre misses you. The two-headed ogre barely misses you.
You bite the two-headed ogre!
The two-headed ogre is severely wounded.
The two-headed ogre hits you with a +0 giant club!!
The two-headed ogre hits you with a +0 giant club.
Casting: Spider Form (dangerous; 13% risk of failure)
Confirm with . or Enter, or press ? or * to list all spells.
You conjure some foxfire!
Your foxfire dissipates!
The foxfire hits the two-headed ogre.
The two-headed ogre is almost dead.
The two-headed ogre closely misses you.
The two-headed ogre hits you with a +0 giant club!
The two-headed ogre misses you.
The two-headed ogre hits you with a +0 giant club!!
You hit the two-headed ogre.
The two-headed ogre looks even sicker.
The two-headed ogre is almost dead.
The orc wizard zaps a wand.
You easily resist.
The two-headed ogre completely misses you.
The two-headed ogre barely misses you.
The orc wizard zaps a wand.
You easily resist.
The orc wizard zaps a wand.
You suddenly lose the ability to move!
The two-headed ogre hits you with a +0 giant club!
* * * LOW HITPOINT WARNING * * *
The two-headed ogre completely misses you.
The two-headed ogre hits you with a +0 giant club!!
You die...

##..♣♣♣....#....# #.#...#
≈..♣♣......#.<..# ####.#.#.#
≈..♣..._...#....# #...†..#.#
≈..♣♣......#.#######.##.###.##
#'[.♣♣♣....#.....(....#.#....#
.#....♣♣♣.#############.#.#.##
.##.......#.......##....#.######
..###....##.####...............#
....######.## #s..........###.#
.........### #Oo.........# #.#
......#### #...........# #.#
.......###### #...........# #.#
............# #...........# #.#
....#..####.# ##.##.####### #.#
#+###.......# #.##.# #.#
.≈.##.......# #.##.# #.#
.≈.##.#.....#####.##.##### #.#


You could see a two-headed ogre (very poisoned) and an orc wizard (mute).

Vanquished Creatures
  A komodo dragon (D:7)
  A wraith (D:9)
  Sigmund (D:2)
  Eustachio (D:5)
  A wyvern (D:8)
  2 wargs (D:9)
  A water moccasin (D:5)
  An orc warrior (D:8)
  2 sky beasts
  2 ice beasts
  3 black bears
  2 necrophages (D:6)
  3 ogres
  3 phantoms
  2 bullfrogs (D:6)
  A kobold brigand (Sewer)
  2 scorpions
  A wyvern skeleton (D:7)
  A water moccasin skeleton (D:4)
  11 killer bees
  A wight (Sewer)
  2 electric eels (D:8)
  A howler monkey (D:9)
  4 centaur zombies
  2 gnoll shamans
  3 orc priests
  A centaur skeleton (D:7)
  3 hounds
  A jelly (D:8)
  3 iguanas
  7 orc wizards
  A hound skeleton (D:4)
  8 gnolls
  10 adders
  2 shadow imps
  9 ufetubi
  2 worms (D:3)
  2 dart slugs (D:3)
  24 orcs
  7 ball pythons
  7 bats
  A bat zombie (Sewer)
  7 endoplasms
  5 giant cockroaches
  9 hobgoblins
  A quokka (D:4)
  3 frilled lizards
  9 goblins
  18 kobolds
  A kobold zombie (Sewer)
  6 rats
202 creatures vanquished.

Vanquished Creatures (others)
  101 foxfires
101 creatures vanquished.

Grand Total: 303 creatures vanquished

Notes
Turn   | Place    | Note
-------+----------+-------------------------------------------
     0 | D:1      | DearestLeader the Gnoll Wanderer began the quest for the
                  | Orb.
     0 | D:1      | DearestLeader set off with the following items: a +0
                  | dagger, a +0 robe, a +0 helmet; and the following spells
                  | available to memorise: Apportation, Beastly Appendage,
                  | Teleport Other, Spider Form, Passage of Golubria
     0 | D:1      | Reached XP level 1. HP: 17/17 MP: 6/6
     8 | D:1      | Learned a level 1 spell: Beastly Appendage
   300 | D:1      | Reached XP level 2. HP: 21/23 MP: 3/7
   407 | D:1      | Found a faded altar of an unknown god.
   696 | D:1      | Learned a level 1 spell: Foxfire
   856 | D:2      | Reached skill level 5 in Spellcasting
   856 | D:2      | Reached XP level 3. HP: 28/28 MP: 4/9
  1055 | D:2      | Found Anutifeu's Antique Weapon Shop.
  1063 | D:2      | Found Asesew's Distillery.
  1074 | D:2      | Bought a potion of heal wounds for 50 gold pieces
  1194 | D:2      | Found Meaptarish's Assorted Antiques.
  1203 | D:2      | Reached skill level 1 in Invocations
  1261 | D:2      | Found Emyc Uma's Weapon Shoppe.
  1265 | D:2      | Found Weprun's Weapon Shoppe.
  1299 | D:2      | Noticed Sigmund
  1318 | D:2      | Killed Sigmund
  1319 | D:2      | Reached skill level 1 in Short Blades
  1319 | D:2      | Reached skill level 1 in Long Blades
  1319 | D:2      | Reached skill level 1 in Axes
  1319 | D:2      | Reached skill level 1 in Maces & Flails
  1319 | D:2      | Reached skill level 1 in Polearms
  1319 | D:2      | Reached skill level 1 in Staves
  1319 | D:2      | Reached skill level 1 in Slings
  1319 | D:2      | Reached skill level 1 in Bows
  1319 | D:2      | Reached skill level 1 in Crossbows
  1319 | D:2      | Reached skill level 1 in Throwing
  1319 | D:2      | Reached skill level 1 in Armour
  1319 | D:2      | Reached skill level 1 in Dodging
  1319 | D:2      | Reached skill level 1 in Shields
  1319 | D:2      | Reached skill level 1 in Unarmed Combat
  1319 | D:2      | Reached skill level 1 in Conjurations
  1319 | D:2      | Reached skill level 1 in Hexes
  1319 | D:2      | Reached skill level 1 in Summonings
  1319 | D:2      | Reached skill level 1 in Necromancy
  1319 | D:2      | Reached skill level 1 in Fire Magic
  1319 | D:2      | Reached skill level 1 in Ice Magic
  1319 | D:2      | Reached skill level 1 in Air Magic
  1319 | D:2      | Reached skill level 1 in Earth Magic
  1319 | D:2      | Reached skill level 1 in Poison Magic
  1319 | D:2      | Reached XP level 4. HP: 15/35 MP: 3/11
  1319 | D:2      | Reached XP level 5. HP: 17/41 MP: 3/12
  1517 | D:2      | Learned a level 3 spell: Spider Form
  1790 | D:2      | Found a glowing silver altar of Zin.
  2180 | D:3      | Found a glowing drain.
  2228 | Sewer    | Entered a sewer
  2267 | Sewer    | Reached XP level 6. HP: 39/47 MP: 6/13
  2549 | Sewer    | Found an ancient bone altar of Kikubaaqudgha.
  2678 | Sewer    | Reached XP level 7. HP: 31/52 MP: 4/15
  2699 | Sewer    | Noticed Grinder
  2719 | Sewer    | Gained mutation: You possess an exceptional clarity of
                  | mind. [potion of mutation]
  2719 | Sewer    | Gained mutation: You have supernaturally acute eyesight.
                  | (SInv) [potion of mutation]
  2719 | Sewer    | Paralysed by Grinder for 6 turns
  2950 | D:3      | Found a stormy altar of Qazlal.
  4281 | D:4      | Reached skill level 5 in Stealth
  4735 | D:4      | Found a hide-covered altar of Uskayaw.
  5024 | D:5      | Entered Level 5 of the Dungeon
  5040 | D:5      | Reached XP level 8. HP: 60/60 MP: 12/16
  5329 | D:5      | Noticed jaiteiro's ghost (novice GnEE)
  5336 | D:5      | Found a runed translucent gate.
  5336 | D:5      | Found a runed translucent gate.
  5337 | D:5      | Found a runed translucent gate.
  5692 | D:5      | Reached skill level 6 in Spellcasting
  6114 | D:5      | Noticed Eustachio
  6124 | D:5      | Killed Eustachio
  6405 | D:5      | Reached skill level 5 in Translocations
  6405 | D:5      | Reached skill level 5 in Transmutations
  6405 | D:5      | Reached XP level 9. HP: 66/66 MP: 16/18
  6917 | D:6      | Reached skill level 5 in Fighting
  6917 | D:6      | Reached skill level 5 in Evocations
  7218 | D:6      | Learned a level 4 spell: Flame Wave
  7452 | D:6      | Found a staircase to the Ecumenical Temple.
  7461 | Temple   | Entered the Ecumenical Temple
  7506 | Temple   | Became a worshipper of Vehumet
  7921 | D:7      | Noticed a komodo dragon
  8048 | D:7      | You fall into a shaft and drop 1 floor!
  8090 | D:8      | Reached skill level 5 in Invocations
  8466 | D:7      | Reached skill level 7 in Spellcasting
  8548 | D:7      | Reached XP level 10. HP: 53/74 MP: 16/20
  9032 | D:8      | Reached * piety under Vehumet
  9032 | D:8      | Offered knowledge of Magic Dart by Vehumet.
  9683 | D:8      | Reached skill level 5 in Short Blades
  9683 | D:8      | Reached skill level 5 in Long Blades
  9683 | D:8      | Reached skill level 5 in Axes
  9683 | D:8      | Reached skill level 5 in Maces & Flails
  9683 | D:8      | Reached skill level 5 in Polearms
  9683 | D:8      | Reached skill level 5 in Staves
  9683 | D:8      | Reached skill level 5 in Slings
  9683 | D:8      | Reached skill level 5 in Bows
  9683 | D:8      | Reached skill level 5 in Crossbows
  9683 | D:8      | Reached skill level 5 in Throwing
  9683 | D:8      | Reached skill level 5 in Armour
  9683 | D:8      | Reached skill level 5 in Dodging
  9683 | D:8      | Reached skill level 5 in Shields
  9683 | D:8      | Reached skill level 5 in Unarmed Combat
 10268 | D:7      | Found a shimmering altar of Xom.
 10463 | D:9      | Found a staircase to the Orcish Mines.
 11255 | D:9      | Found a runed translucent door.
 11281 | D:9      | Found a blossoming altar of Fedhas.
 11318 | D:9      | Found an ornate altar of the Wu Jian Council.
 11348 | D:9      | Noticed a two-headed ogre
 11382 | D:9      | Paralysed by an orc wizard for 6 turns
 11385 | D:9      | Mangled by a two-headed ogre

Illustrated notes

Levels and vault maps discovered:
D:1:      dpeg_arrival_tiny_h, layout_rooms, hellmonk_ecumenical_altar_run_dry,
          corexii_leaking_fountain
D:2:      layout_basic, basic_altar, serial_shops, shop, shop,
          nicolae_square_shop, shop, shop, grunt_decor_one_mirror,
          minmay_pentomino_q2, uniq_sigmund
D:3:      layout_rooms, grunt_qazlal_sundering, cheibrodos_sewer_entry_bend,
          nicolae_figureground_pulse
D:4:      layout_gridville, nicolae_uskayaw_dance_hall, minmay_misc_feat_cross,
          serial_bayou_crossing
D:5:      layout_loops_ring, gammafunk_ghost_split, uniq_eustachio
D:6:      layout_rooms, minmay_temple_entry_poolview
D:7:      layout_gridville, pf_just_have_faith
D:8:      layout_basic, kennysheep_cluttered_room
D:9:      layout_basic, nicolae_ru_great_annihilating_truth,
          mainiacjoe_overflow_two_lobes, minmay_orc_entry_guard_dogs,
          ebering_ghost_reflecting_pool, uniq_joseph
Temple:   nicolae_temple_god_jail

Skill      XL: |  1  2  3  4  5  6  7  8  9 10 |
---------------+-------------------------------+-----
Spellcasting   | 5 6 7 |  7.3
Invocations    | 1 2 3 4 5 |  5.8
Fighting       | 3 4 5 |  5.9
Short Blades   | 1 2 3 4 5 |  5.2
Long Blades    | 1 2 3 4 5 |  5.2
Axes           | 1 2 3 4 5 |  5.2
Maces & Flails | 1 2 3 4 5 |  5.2
Polearms       | 1 2 3 4 5 |  5.2
Staves         | 1 2 3 4 5 |  5.2
Slings         | 1 2 3 4 5 |  5.2
Bows           | 1 2 3 4 5 |  5.2
Crossbows      | 1 2 3 4 5 |  5.2
Throwing       | 1 2 3 4 5 |  5.2
Armour         | 1 2 3 4 5 |  5.2
Dodging        | 1 2 3 4 5 |  5.2
Shields        | 1 2 3 4 5 |  5.2
Unarmed Combat | 1 2 3 4 5 |  5.2
Conjurations   | 1 2 3 4 |  4.3
Hexes          | 1 2 3 4 |  4.3
Summonings     | 1 2 3 4 |  4.3
Necromancy     | 1 2 3 4 |  4.3
Translocations | 4 5 |  5.8
Transmutations | 4 5 |  5.8
Fire Magic     | 1 2 3 4 |  4.3
Ice Magic      | 1 2 3 4 |  4.3
Air Magic      | 1 2 3 4 |  4.3
Earth Magic    | 1 2 3 4 |  4.3
Poison Magic   | 1 2 3 4 |  4.3
Evocations     | 3 4 5 |  5.9
Stealth        | 5 6 |  6.8

Action                   |  1- 3 |  4- 6 |  7- 9 | 10-12 || total
-------------------------+-------+-------+-------+-------++-------
Melee: Dagger            |    22 |       |       |       ||    22
       Bite              |     7 |     8 |    19 |    12 ||    46
       War axe           |    43 |    71 |       |       ||   114
       Kick              |     3 |     1 |       |       ||     4
       Headbutt          |     2 |     1 |       |       ||     3
       Unarmed           |       |    10 |   156 |    22 ||   188
       Whip              |       |       |   216 |    79 ||   295
       Punch             |       |       |     2 |     4 ||     6
Throw: Dart              |       |       |       |     3 ||     3
 Cast: Beastly Appendage |     6 |     3 |     1 |       ||    10
       Foxfire           |     3 |    26 |    13 |    15 ||    57
       Spider Form       |       |     2 |    22 |     4 ||    28
       Flame Wave        |       |       |     6 |     8 ||    14
  Use: Scroll            |     5 |     2 |     6 |       ||    13
       Potion            |     1 |       |     1 |       ||     2
 Stab: Sleeping          |     9 |     2 |    10 |       ||    21
Armor: Robe              |    23 |    21 |    45 |    19 ||   108
       Skin              |       |       |    16 |     1 ||    17
Dodge: Dodged            |    30 |    67 |   339 |   100 ||   536
